 Dungeon Crawl Stone Soup version 0.27-a0-1196-g3e9cee4cb2 (webtiles) character file.

Game seed: 10075891408168778749

58 Azzok the Chopper (level 3, -1/29 HPs)
             Began as a Demonspawn Berserker on May 29, 2021.
             Was a Believer of Trog.
             Slain by a scorpion (6 damage)
             ... on level 3 of the Dungeon.
             The game lasted 00:01:54 (2304 turns).

Azzok the Chopper (Demonspawn Berserker)            Turns: 2304, Time: 00:01:54

Health: -1/29      AC:  4    Str: 18    XL:     3   Next: 75%
Magic:  3/3        EV: 12    Int:  8    God:    Trog [**....]
Gold:   35         SH:  4    Dex: 12    Spells: 2/2 levels left

rFire    . . .     SeeInvis .   a - +0 hand axe
rCold    . . .     Faith    .   (no shield)
rNeg     . . .     Spirit   .   b - +0 animal skin
rPois    .         Reflect  .   (no helmet)
rElec    .         Harm     .   (no cloak)
rCorr    .         Rampage  .   (no gloves)
Will     .....                  (no boots)
Stlth    +.........             (no amulet)
HPRegen  0.09/turn              (no ring)
MPRegen  0.08/turn              (no ring)

@: lethally poisoned (-1 -> -9)
A: icy blue scales 1, condensation shield
a: Renounce Religion, Berserk, Trog's Hand


You were on level 3 of the Dungeon.
You worshipped Trog.
Trog was pleased with you.
You visited 1 branch of the dungeon, and saw 3 of its levels.

You collected 35 gold pieces.

Inventory:

Hand Weapons
 a - a +0 hand axe (weapon)
Armour
 b - a +0 animal skin (worn)
Jewellery
 k - a ring of magical power
Scrolls
 c - 2 scrolls of identify {unknown}
 e - 2 scrolls of teleportation {unknown}
 f - a scroll of fog {unknown}
 g - a scroll of brand weapon {unknown}
 h - a scroll of immolation {unknown}
Potions
 d - a potion of invisibility {unknown}
 i - a potion of curing {unknown}
 j - a potion of cancellation {unknown}


   Skills:
 - Level 3.0 Fighting
 + Level 4.3 Axes
 - Level 1.7 Armour
 - Level 1.7 Dodging


You had 2 spell levels left.
You didn't know any spells.
Your spell library was empty.

Dungeon Overview and Level Annotations

Branches:
Dungeon (3/15)

Altars:
Ru


Innate Abilities, Weirdness & Mutations

You are partially covered in icy blue scales. (AC +2)
A meltable shield of frost defends you. (SH +4)


Message History

You see here 14 stones.
A scorpion comes into view.
A scorpion is nearby!
You hit the scorpion but do no damage. The scorpion barely misses you.
You hit the scorpion.
The scorpion is lightly wounded.
The scorpion barely misses you.
You barely miss the scorpion.
The scorpion is lightly wounded.
You block the scorpion's attack. The scorpion stings you.
You hit the scorpion but do no damage.
The scorpion is lightly wounded.
The scorpion closely misses you.
You hit the scorpion.
The scorpion is lightly wounded.
The scorpion closely misses you.
You closely miss the scorpion.
The scorpion is lightly wounded.
The scorpion stings you.
You hit the scorpion.
The scorpion is heavily wounded.
The scorpion closely misses you. The scorpion stings you!
You hit the scorpion.
The scorpion is severely wounded.
The scorpion stings you but does no damage.
You hit the scorpion but do no damage.
The scorpion is severely wounded.
The scorpion stings you.
You are lethally poisoned!
The scorpion poisons you!
You hit the scorpion.
The scorpion is severely wounded.
* * * LOW HITPOINT WARNING * * *
You feel very sick. The scorpion closely misses you. The scorpion misses you.
You hit the scorpion but do no damage.
The scorpion is severely wounded.
* * * LOW HITPOINT WARNING * * *
You feel sick. The scorpion stings you.
You die...

≈≈··▒ ▒··▒▒····)▒ ≈···▒
▒▒▒▒········· ≈··▒▒
▒····▒▒▒▒▒▒·▒ ···▒
▒·▒··▒ ··▒▒▒▒▒ ···▒
▒·▒·▒▒▒▒▒▒······▒
≈··▒▒▒▒▒▒···▒·······▒
≈≈·▒······▒·(·▒▒▒··▒▒·▒
≈≈≈··▒▒·····▒▒▒▒▒·····▒
≈≈≈·▒<··▒▒▒▒▒ ▒@··▒▒▒▒
≈··▒▒·▒▒▒ ▒·s··▒▒
······▒ ▒····▒ ·······
······· ···▒▒▒·
········▒ ···· ··
··········▒ :·· ··
··········▒ ·
··············


You could see a scorpion.

Vanquished Creatures
  An adder (D:2)
  A dart slug (D:1)
  3 orcs (D:2)
  5 endoplasms
  A giant cockroach (D:2)
  4 goblins
  7 hobgoblins
  2 quokkas (D:2)
  5 ball pythons
  A bat (D:2)
  2 frilled lizards
  5 kobolds (D:1)
  3 rats
40 creatures vanquished.

Notes
Turn   | Place    | Note
-------+----------+-------------------------------------------
     0 | D:1      | Azzok the Demonspawn Berserker began the quest for the Orb.
     0 | D:1      | Reached XP level 1. HP: 18/18 MP: 1/1
   272 | D:1      | Reached skill level 3 in Axes
   368 | D:1      | Gained mutation: You are partially covered in icy blue
                  | scales. (AC +2) [demonic ancestry]
   368 | D:1      | Reached XP level 2. HP: 16/24 MP: 2/2
  1066 | D:2      | Reached ** piety under Trog
  1075 | D:2      | Gained mutation: A meltable shield of frost defends you.
                  | (SH +4) [demonic ancestry]
  1075 | D:2      | Reached XP level 3. HP: 29/29 MP: 3/3
  1131 | D:2      | Reached skill level 4 in Axes
  1131 | D:2      | Found a sacrificial altar of Ru.
  1457 | D:2      | Found a faded altar of an unknown god.
  2291 | D:3      | Noticed a scorpion
  2304 | D:3      | Slain by a scorpion

Illustrated notes

Levels and vault maps discovered:
D:1:      beargit_arrival_diablo_church, layout_basic
D:2:      layout_loops_ring, ebering_ecumenical_altar_rust, basic_altar
D:3:      layout_rooms, chequers_jeans, lemuel_old_faithful

Skill      XL: |  1  2  3 |
---------------+----------+-----
Axes           | 3 4 |  4.3
Fighting       | |  3.0
Armour         | |  1.7
Dodging        | |  1.7

Action                   || total
-------------------------++-------
Melee: Hand axe          ||   155
Invok: Berserk           ||     1
 Stab: Sleeping          ||     1
Armor: Animal skin       ||    35
Dodge: Dodged            ||    89
Block: Other             ||    14

Table legend: (Time is in decaauts)
 A = Elapsed time spent in this place.
 B = Non-inter-level travel time spent in this place.
 C = Inter-level travel time spent in this place.
 D = Time resting spent in this place.
 E = Time spent auto-exploring this place.
 F = Levels seen in this place.
 G = Mean time per level.
                   A        B        C        D        E       F      G
               +--------+--------+--------+--------+--------+-----+--------+
         Total |   2330 |   2274 |     56 |      0 |   1887 |   3 |  776.7 |
       Dungeon |   2330 |   2274 |     56 |      0 |   1887 |   3 |  776.7 |
               +--------+--------+--------+--------+--------+-----+--------+

Top non-repeatable levels by time:
     D:2: 1299 daAuts
     D:1: 978 daAuts
     D:3: 52 daAuts
